 Seeded DCSS version 0.29.1-1-gd02db6906a (webtiles) character file.

Game seed: 10364265286927963392 (custom seed)

9 lonewolfV2 the Covered (level 2, 0/19 HPs)
             Began as a Gargoyle Fighter on Oct 17, 2022.
             Frozen to death by an endoplasm (2 damage)
             ... on level 1 of the Dungeon.
             The game lasted 00:00:47 (257 turns).

lonewolfV2 the Covered (Gargoyle Fighter)            Turns: 257, Time: 00:00:48

Health: 0/19       AC:  9    Str: 19    XL:     2   Next: 16%
Magic:  2/2        EV:  9    Int:  8    God:
Gold:   14         SH:  4    Dex:  9    Spells: 1/1 levels left

rFire   . . .      SeeInvis .   a - +0 flail
rCold   . . .      Faith    .   c - +0 buckler
rNeg    + . .      Spirit   .   b - +0 scale mail
rPois   ∞          Reflect  .   (no helmet)
rElec   +          Harm     .   (no cloak)
rCorr   .          Rampage  .   (no gloves)
Will    .....                   (no boots)
Stlth   ..........              (no amulet)
HPRegen 0.06/turn               (no ring)
MPRegen 0.08/turn               (no ring)

@: no status effects
A: sickness immunity, AC +2, negative energy resistance 1, electricity
resistance, torment resistance 1, petrification resistance
a: no special abilities


You were on level 1 of the Dungeon.
You visited 1 branch of the dungeon, and saw 1 of its levels.

You collected 14 gold pieces.

Inventory:

Hand Weapons
 a - a +0 flail (weapon)
Armour
 b - a +0 scale mail (worn)
 c - a +0 buckler (worn)
Scrolls
 e - a scroll of teleportation {unknown}
Potions
 d - a potion of might


   Skills:
 + Level 3.4 Fighting
 * Level 2.3 Maces & Flails
 + Level 3.4 Armour
 + Level 3.4 Shields


You had one spell level left.
You didn't know any spells.
Your spell library was empty.

Dungeon Overview and Level Annotations

Branches:
Dungeon (1/15)

Altars:


Innate Abilities, Weirdness & Mutations

You are immune to sickness and miasma.
Your stone body is resilient. (AC +2)
You are immune to poison.
You resist negative energy. (rN+)
You are resistant to electric shocks. (rElec)
You are resistant to unholy torment.
You are immune to petrification.


Message History

The kobold shouts!
A dart slug comes into view.
A rat comes into view.
Found a spear.
The kobold closely misses you. The kobold hits you but does no damage.
The kobold attacks as you move away! You block the kobold's attack.
The rat barely misses you.
You hit the rat.
You kill the rat!
The kobold hits you with a +0 short sword.
The kobold barely misses you.
You closely miss the kobold. The kobold barely misses you.
You hit the kobold.
The kobold is severely wounded.
The kobold completely misses you.
You completely miss the kobold.
The kobold is severely wounded.
The kobold barely misses you.
The kobold hits you with a +0 short sword.
You sock the kobold!
You kill the kobold!
You barely miss the endoplasm. The endoplasm freezes you.
You are frozen.
You hit the endoplasm but do no damage. The endoplasm freezes you.
You are frozen.
* * * LOW HITPOINT WARNING * * *
You hit the endoplasm but do no damage. The endoplasm closely misses you.
The endoplasm hits you.
* * * LOW HITPOINT WARNING * * *
You hit the endoplasm.
The endoplasm is moderately wounded.
The endoplasm hits you but does no damage.
You barely miss the endoplasm.
The endoplasm is moderately wounded.
The endoplasm freezes you.
You are frozen.
You die...

........# .......#
...... . # ..... ..
.) ..>####.# #.#
........# ######
#...####...## ##.....
#..@Jw....####......
#.#####.#..##.......
.. #..#..##.......
#.. #.##...........
#.. ##.#............
.. ###..#.##.#.......
#
##.#.........#.......
........>.#####......
.##.....### ###.....)


You could see a dart slug and an endoplasm.

Vanquished Creatures
  A dart slug (D:1)
  An endoplasm (D:1)
  2 goblins (D:1)
  3 kobolds (D:1)
  2 rats (D:1)
9 creatures vanquished.

Notes
Turn   | Place    | Note
-------+----------+-------------------------------------------
     0 | D:1      | lonewolfV2 the Gargoyle Fighter began the quest for the
                  | Orb.
     0 | D:1      | Reached XP level 1. HP: 14/14 MP: 1/1
   181 | D:1      | Reached XP level 2. HP: 19/19 MP: 2/2
   257 | D:1      | Frozen to death by an endoplasm

Illustrated notes

Levels and vault maps discovered:
D:1:      saegor_arrival_simple_c, layout_rooms,
          shapermc_ecumenical_altar_hornbeckon, chequers_garden

Action                   || total
-------------------------++-------
Melee: Flail             ||    33
Armor: Scale mail        ||    15
Dodge: Dodged            ||    16
Block: Buckler           ||     3
